Map: Blackburn LE

Players

DPGZest (Zest)

  • Race: Protoss Protoss
  • League: Master

RagnaroK (SHIN) - Winner!

  • Race: Zerg Zerg
  • League: Master

Event: TSL 8

VOD

Have the link to the VOD?

Description

Time

  • Played on: Nov. 26, 2021, 8:35 a.m.
  • Length: 7:04

All games in this series

Show
View Real Time Build Order
Export as new Build Order

DPGZest Protoss 

Build Orders: 1 Gate Expand, Oracle Opening 

Get SALT Encoding   

  12  0:00  Probe  
  13  0:12  Probe  
  14  0:19  Pylon  
  14  0:24  Probe  
  15  0:37  Probe (Chrono Boost)  
  15  0:41  Gateway  
  16  0:47  Probe (Chrono Boost)  
  17  0:50  Assimilator  
  17  0:52  Probe (Chrono Boost)  
  18  1:04  Probe  
  19  1:16  Probe  
  20  1:27  Nexus  
  20  1:38  Cybernetics Core  
  20  1:41  Probe  
  21  1:47  Assimilator  
  21  1:53  Probe  
  22  1:57  Pylon  
  22  2:06  Probe (Chrono Boost)  
  23  2:15  Adept  
  26  2:16  Probe (Chrono Boost)  
  26  2:19  Stargate  
  26  2:21  Probe (Chrono Boost)  
  26  2:26  Warp Gate  
  27  2:35  Probe (Chrono Boost)  
  28  2:39  Probe (Chrono Boost)  
  29  2:45  Adept  
  29  2:49  Probe x2 (Chrono Boost)  
  33  2:54  Void Ray (Chrono Boost), Probe (Chrono Boost)  
  33  2:57  Probe  
  39  3:05  Probe  
  39  3:09  Probe  
  39  3:11  Pylon  
  41  3:17  Gateway  
  41  3:19  Probe  
  42  3:21  Probe  
  42  3:27  Oracle (Chrono Boost)  
  43  3:31  Probe  
  43  3:33  Probe  
  48  3:44  Probe  
  48  3:45  Probe  
  50  3:52  Nexus  
  50  3:54  Pylon  
  50  3:56  Probe  
  50  3:57  Probe  
  50  4:02  Assimilator  
  52  4:04  Assimilator  
  52  4:09  Probe  
  54  4:10  Probe  
  54  4:21  Probe  
  54  4:22  Probe  
  56  4:25  Protoss Air Weapons Level 1  
  56  4:26  Stargate  
  56  4:28  Void Ray (Chrono Boost)  
  56  4:33  Probe, Pylon  
  56  4:34  Probe  
  62  4:39  Forge  
  62  4:48  Pylon  
  62  4:51  Probe x2  
  64  4:54  Shield Battery  
  64  5:00  Void Ray (Chrono Boost)  
  64  5:02  Void Ray (Chrono Boost)  
  64  5:03  Probe (Chrono Boost)  
  64  5:04  Probe (Chrono Boost)  
  64  5:05  Probe (Chrono Boost)  
  75  5:15  Probe (Chrono Boost)  
  75  5:16  Probe (Chrono Boost)  
  75  5:20  Probe (Chrono Boost)  
  78  5:21  Probe (Chrono Boost)  
  78  5:22  Probe (Chrono Boost)  
  78  5:23  Pylon  
  78  5:27  Probe  
  78  5:28  Pylon  
  81  5:30  Assimilator  
  81  5:33  Assimilator  
  81  5:34  Void Ray (Chrono Boost)  
  81  5:35  Void Ray (Chrono Boost), Probe x2  
  83  5:39  Probe  
  92  5:47  Probe x2  
  94  5:52  Fleet Beacon  
  94  6:03  Stargate  
  87  6:15  Adept x2  
  87  6:17  Probe x2  
  87  6:18  Probe  
  71  6:29  Probe  
  71  6:30  Probe x2  
  74  6:42  Probe  
  74  6:47  Probe x2  
Show
View Real Time Build Order
Export as new Build Order

RagnaroK Zerg - Winner!

Build Orders: Hatch First 

Get SALT Encoding   

  12  0:00  Drone  
  13  0:12  Overlord  
  13  0:16  Drone  
  14  0:30  Drone x2  
  14  0:34  Drone  
  17  0:51  Hatchery  
  17  0:54  Drone  
  17  0:57  Drone  
  18  1:07  Extractor  
  17  1:12  Spawning Pool  
  17  1:15  Drone  
  17  1:20  Drone  
  18  1:28  Drone  
  19  1:39  Drone  
  20  1:49  Drone  
  21  2:00  Zergling x2  
  22  2:04  Queen x2  
  22  2:05  Drone  
  27  2:13  Overlord  
  27  2:14  Drone  
  28  2:27  Metabolic Boost  
  28  2:32  Drone  
  28  2:33  Drone  
  28  2:35  Drone  
  28  2:36  Hatchery  
  30  2:38  Zergling x2  
  31  2:45  Drone  
  31  2:49  Queen  
  31  2:50  Drone  
  35  2:54  Overlord  
  35  2:58  Drone  
  36  3:05  Overlord  
  36  3:14  Drone x4  
  36  3:15  Queen  
  36  3:19  Drone  
  43  3:21  Drone  
  43  3:25  Queen  
  46  3:30  Drone, Evolution Chamber  
  46  3:32  Drone  
  47  3:37  Spore Crawler  
  47  3:39  Overlord  
  46  3:42  Overlord  
  46  3:50  Drone x4  
  50  3:56  Zerg Melee Weapons Level 1  
  50  3:57  Drone  
  50  3:58  Drone  
  50  3:59  Drone  
  50  4:01  Zergling x2  
  50  4:02  Zergling x2  
  55  4:04  Drone  
  55  4:06  Drone  
  55  4:09  Drone  
  58  4:10  Spore Crawler  
  58  4:11  Drone  
  58  4:14  Spore Crawler  
  58  4:16  Drone  
  58  4:19  Drone  
  58  4:20  Drone  
  58  4:25  Drone x2  
  58  4:26  Drone  
  58  4:27  Drone  
  62  4:32  Drone x2  
  62  4:33  Drone x2  
  66  4:39  Overlord  
  65  4:47  Baneling Nest, Extractor  
  65  4:50  Drone x3, Spore Crawler  
  65  4:52  Extractor  
  64  4:53  Zergling x2  
  64  4:54  Overlord  
  64  4:57  Overlord  
  64  4:59  Drone x2  
  67  5:00  Queen  
  67  5:01  Queen  
  67  5:03  Lair  
  67  5:06  Drone x2  
  73  5:13  Zergling x12  
  79  5:17  Zergling x8  
  79  5:19  Zergling x4  
  85  5:29  Hatchery  
  84  5:36  Queen  
  84  5:40  Baneling  
  84  5:41  Baneling x7  
  84  5:42  Drone x4  
  89  5:51  Spore Crawler  
  89  5:53  Drone x2, Spore Crawler  
  89  5:57  Overlord  
  89  5:59  Overlord  
  89  6:02  Drone, Overlord, Extractor  
  89  6:03  Queen, Extractor  
  88  6:05  Drone  
  88  6:07  Drone x2  
  87  6:11  Drone  
  87  6:12  Drone  
  87  6:16  Queen  
  87  6:17  Queen  
  87  6:18  Extractor  
  91  6:20  Drone x2  
  91  6:21  Drone  
  90  6:29  Zergling x6  
  90  6:31  Drone x2  
  90  6:32  Drone  
  90  6:36  Drone x3  
  93  6:42  Spore Crawler  
  93  6:44  Drone  
  93  6:45  Drone  
  93  6:47  Spore Crawler  
  95  6:49  Drone x2  
Tags
 
Add a new tag
Caveats
  • Supply blocks, unpowered buildings, or Contaminate may cause inaccurate times.
  • Supply counts are checked every 10 seconds.